 Dungeon Crawl Stone Soup version 0.21-a0-207-g4a9efaf (webtiles) character file.

120 Kidiri the Magician (level 4, -1/24 HPs)
             Began as a Deep Elf Fire Elementalist on Aug 20, 2017.
             Slain by a dart slug (3 damage)
             ... on level 3 of the Dungeon.
             The game lasted 00:08:12 (2998 turns).

Kidiri the Magician (Deep Elf Fire Elementalist)    Turns: 2998, Time: 00:08:12

Health: -1/24      AC:  2    Str:  5    XL:     4   Next: 75%
Magic:  4/13       EV: 13    Int: 21    God:
Gold:   82         SH:  0    Dex: 15    Spells: 0/13 levels left

rFire    . . .     SeeInvis .   i - +0 short sword (venom)
rCold    . . .     Gourm    +   (no shield)
rNeg     . . .     Faith    .   a - +0 robe
rPois    .         Spirit   .   (no helmet)
rElec    .         Reflect  .   (no cloak)
rCorr    .         Harm     .   (no gloves)
MR       .....                  (no boots)
Stlth    ++........             o - amulet of the gourmand
HPRegen  0.08/turn              (no ring)
MPRegen  0.13/turn              (no ring)

@: no status effects
A: no striking features
a: no special abilities


You were on level 3 of the Dungeon.
You were completely stuffed.

You visited 1 branch of the dungeon, and saw 3 of its levels.

You collected 82 gold pieces.

Inventory:

Hand Weapons
 g - a +0 dagger
 i - a +0 short sword of venom (weapon)
Armour
 a - a +0 robe (worn)
 q - a +0 buckler
Jewellery
 o - an amulet of the gourmand (around neck)
Scrolls
 f - a scroll of teleportation
Potions
 e - a potion of heal wounds
 h - a potion of lignification {unknown}
 j - 4 potions of might {unknown}
 m - 2 potions of ambrosia {unknown}
 n - a potion of agility
 p - a potion of haste {unknown}
Books
 b - a book of Flames

   Spells                             Type                      Level
   a - Flame Tongue                   Conjuration/Fire             1
   b - Throw Flame                    Conjuration/Fire             2
   c - Conjure Flame                  Conjuration/Fire             3
   d - Inner Flame                    Hexes/Fire                   3
   e - Sticky Flame                   Conjuration/Fire             4
   f - Fireball                       Conjuration/Fire             5
Comestibles
 c - 3 bread rations
 d - 4 chunks of flesh
 l - a meat ration


   Skills:
 - Level 2.4 Dodging
 - Level 2.4 Stealth
 * Level 5.3 Spellcasting
 + Level 2.6 Conjurations
 + Level 4.1 Fire Magic


You couldn't memorise any spells.
You knew the following spells:

 Your Spells              Type           Power        Failure   Level  Hunger
a - Flame Tongue          Conj/Fire      ###..        2%          1    None
b - Throw Flame           Conj/Fire      ###...       4%          2    None
c - Conjure Flame         Conj/Fire      ###.....     8%          3    ##.....
d - Inner Flame           Hex/Fire       ##......     14%         3    ##.....
e - Sticky Flame          Conj/Fire      ###.....     26%         4    ####...


Dungeon Overview and Level Annotations

Branches:
Dungeon (3/15)

Altars:
Ashenzari
Elyvilon
Kikubaaqudgha
Nemelex Xobeh
Wu Jian
The Shining One


Message History

The flame tongue hits the dart slug.
The dart slug is lightly wounded.
The dart slug launches a dart at you. The slug dart hits you!
* * * LOW HITPOINT WARNING * * *
Casting: Flame Tongue
Confirm with . or Enter, or press ? or * to list all spells.
Okay, then.
The dart slug closely misses you.
You hit the dart slug but do no damage.
The dart slug is lightly wounded.
Casting: Flame Tongue
Confirm with . or Enter, or press ? or * to list all spells.
Aiming: Flame Tongue
Press: ? - help, Shift-Dir - straight line, f/p - dart slug
Aim: a dart slug (lightly wounded, clinging)
The flame tongue hits the dart slug.
The dart slug is severely wounded.
The dart slug bites you.
You die...

##.#..### #..#. #.#..# #.###
#.#..# #.### #.#..# ####.#_.
#####.#..# #.'..#.. #.....#..#
##(##.#_. ****########.#####..#
#..##.###
*,,,.........###....####.###.###
*,**#######....@.........# #..#.
*,* ##.###w##.##.### ##... *,*
#.# #.##.##.# ##.# *,* #.#
#.##.##.#*****#_# *,* #.#
#)##...#.,,,,,### *,* ***#.#
#)###.#*#,,,,,,,, *,* *,,..# #.#
*#.*,******** *,* *,*### #.#
*#,** *,* *,* #.# ***


You could see a dart slug.

Vanquished Creatures
  An orc wizard (D:3)
  3 adders
  An ooze (D:1)
  2 worms (D:2)
  A dart slug (D:1)
  3 leopard geckos (D:1)
  4 orcs (D:3)
  A ball python (D:3)
  3 giant cockroaches
  7 goblins
  7 hobgoblins
  2 jackals (D:1)
  3 kobolds
  A quokka (D:2)
  2 bats (D:2)
  5 rats
46 creatures vanquished.

Notes
Turn   | Place    | Note
-------+----------+-------------------------------------------
     0 | D:1      | Kidiri the Deep Elf Fire Elementalist began the quest for the Orb.
     0 | D:1      | Reached XP level 1. HP: 10/10 MP: 6/6
   566 | D:1      | Reached XP level 2. HP: 15/15 MP: 4/8
   570 | D:1      | Learned a level 2 spell: Throw Flame
   947 | D:1      | Reached skill level 4 in Spellcasting
  1347 | D:2      | Reached XP level 3. HP: 19/19 MP: 10/10
  1352 | D:2      | Learned a level 3 spell: Conjure Flame
  1356 | D:2      | Learned a level 3 spell: Inner Flame
  1380 | D:2      | Found a glowing golden altar of the Shining One.
  2298 | D:2      | Reached XP level 4. HP: 19/24 MP: 8/12
  2838 | D:3      | Found an ornate altar of the Wu Jian Council.
  2838 | D:3      | Found a sparkling altar of Nemelex Xobeh.
  2850 | D:3      | Found a shattered altar of Ashenzari.
  2852 | D:3      | Found an ancient bone altar of Kikubaaqudgha.
  2855 | D:3      | Found a white marble altar of Elyvilon.
  2946 | D:3      | Reached skill level 5 in Spellcasting
  2962 | D:3      | Learned a level 4 spell: Sticky Flame
  2998 | D:3      | Slain by a dart slug

Vault maps used:
D:1:      erik_arrival_triangle_large
D:2:      overflow_temple_1_default, first_bread
D:3:      chequers_temple_overflow_minitemple

Skill      XL: |  1  2  3  4 |
---------------+-------------+-----
Spellcasting   | 4 5 |  5.3
Conjurations   | 2 |  2.6
Fire Magic     | 4 |  4.1
Dodging        | |  2.4
Stealth        | |  2.4

Action                   |  1- 3 |  4- 6 || total
-------------------------+-------+-------++-------
Melee: Dagger            |    21 |     2 ||    23
       Short sword       |       |     1 ||     1
 Cast: Flame Tongue      |    57 |    35 ||    92
  Use: Potion            |     1 |       ||     1
       Scroll            |       |     6 ||     6
 Stab: Sleeping          |     5 |     1 ||     6
  Eat: Chunk             |    15 |     3 ||    18
Armor: Robe              |     9 |       ||     9
Dodge: Dodged            |    27 |     4 ||    31
